[Event "Titled Tuesday Blitz September 27 Early 2022"]
[White "Ferreira, Vitor Hugo Vieira"]
[Black "Pinheiro, Iung Alicio de O."]
[WhiteFideId "2119765"]
[BlackFideId "2104350"]
[WhiteElo "2168"]
[BlackElo "2283"]
[Result "1-0"]
[Round "06"]
[TimeControl "180+1"]
[Date "2022.09.27"]
[WhiteClock "0:00:42"]
[BlackClock "0:00:08"]

1. e4 c5 2. Nf3 a6 3. d4 cxd4 4. Nxd4 e5 5. Nf3 Nc6 6. Nc3 Bb4 7. Bc4 Nf6 8. O-O Bxc3 9. bxc3 d6 10. Ba3 Ke7 11. Bd5 Qc7 12. Bxc6 Qxc6 13. Nxe5 Qc7 14. Nc4 Rd8 15. Nxd6 Ke6 16. e5 Qxc3 17. exf6 Qxa3 18. Re1+ Kxf6 19. Ne4+ Kg6 20. Qxd8 1-0


[Site "https://www.chess.com"]

[Event "Titled Tuesday Blitz September 27 Early 2022"]
[White "Flis, Pawel"]
[Black "Zaksaite, Salomeja"]
[WhiteFideId "1112864"]
[BlackFideId "12801496"]
[WhiteElo "1735"]
[BlackElo "1953"]
[Result "1-0"]
[Round "06"]
[TimeControl "180+1"]
[Date "2022.09.27"]
[WhiteClock "0:00:37"]
[BlackClock "0:00:04"]

1. e4 c5 2. Nf3 e6 3. d3 Nc6 4. Nbd2 g6 5. g3 Bg7 6. Bg2 Nge7 7. O-O O-O 8. c3 d5 9. exd5 Nxd5 10. Nb3 Qe7 11. d4 cxd4 12. Nbxd4 Nxd4 13. Nxd4 Rd8 14. Re1 Qc7 15. Bg5 Re8 16. Bxd5 Bd7 17. Bg2 Rac8 18. Qb3 a6 19. Rad1 b5 20. a4 bxa4 21. Qb7 Qxb7 22. Bxb7 Rb8 23. Bxa6 Rxb2 24. Ra1 Ra8 25. Bb7 Ra7 26. Bf3 e5 27. Nc6 Ra6 28. Nb4 Ra7 29. Be3 Ra5 30. Bb6 Rb5 31. Be3 e4 32. Bxe4 Bxc3 33. Nd3 Bxe1 34. Nxb2 Bc3 35. Bh6 Bxb2 36. Rxa4 Rb8 37. Ra7 Ba4 38. Bd5 Be8 39. Bf4 Bg7 40. Bxb8 1-0


[Site "https://www.chess.com"]

[Event "Titled Tuesday Blitz September 27 Early 2022"]
[White "Foerster-Yialamas, Lucas"]
[Black "Rangel, Daniel"]
[WhiteFideId "30901774"]
[BlackFideId "2124475"]
[WhiteElo "1804"]
[BlackElo "2225"]
[Result "0-1"]
[Round "06"]
[TimeControl "180+1"]
[Date "2022.09.27"]
[WhiteClock "0:00:35"]
[BlackClock "0:00:17"]

1. b3 Nf6 2. Bb2 Nc6 3. Nf3 d6 4. h4 e5 5. d3 Be7 6. Nbd2 Be6 7. c4 h6 8. e3 Qd7 9. Be2 O-O-O 10. a3 Kb8 11. b4 g5 12. hxg5 hxg5 13. Rxh8 Rxh8 14. Nxg5 Rh1+ 15. Nf1 Bf5 16. Nxf7 e4 17. d4 d5 18. Ne5 Qe6 19. Nxc6+ Qxc6 20. c5 Qe6 21. b5 Ng4 22. b6 axb6 23. cxb6 Qxb6 24. Bc3 Qe6 25. Rb1 Bh4 26. g3 Be7 27. Qb3 b6 28. a4 Qf6 29. a5 Bd8 30. axb6 cxb6 31. Qxd5 Nxf2 32. Qe5+ Qxe5 33. dxe5 Nd3+ 34. Bxd3 exd3 35. Rd1 Bh3 36. Kf2 Be7 37. Bd4 b5 38. e6 Kb7 39. Be5 Kc6 40. e4 Bc5+ 41. Bd4 Bxd4+ 42. Kf3 Rxf1+ 43. Rxf1 Bxf1 44. e7 Be2+ 45. Kf4 Kd7 46. e5 d2 47. e6+ Kxe7 48. Ke4 d1=Q 49. g4 Qd3+ 50. Kd5 Qc4+ 51. Ke4 Bd3+ 52. Kf3 Qxe6 53. g5 Qf5+ 54. Kg3 Be2 55. g6 Be5+ 56. Kh4 Qh5# 0-1


[Site "https://www.chess.com"]

[Event "Titled Tuesday Blitz September 27 Early 2022"]
[White "Fromm, Marius"]
[Black "Harshad S"]
[WhiteFideId "12993190"]
[BlackFideId "46616551"]
[WhiteElo "2312"]
[BlackElo "2046"]
[Result "0-1"]
[Round "06"]
[TimeControl "180+1"]
[Date "2022.09.27"]
[WhiteClock "0:00:08"]
[BlackClock "0:01:10"]

1. e4 c5 2. Nf3 d6 3. d4 cxd4 4. Nxd4 Nf6 5. Nc3 a6 6. g3 e5 7. Nde2 Be7 8. Bg2 b5 9. Nd5 Nxd5 10. Qxd5 Ra7 11. Be3 Rd7 12. O-O O-O 13. Qd3 Nc6 14. Nc3 Rb7 15. Nd5 Be6 16. c3 Bg5 17. Rfd1 Bxe3 18. Nxe3 Rd7 19. a4 bxa4 20. Qxa6 Na5 21. Nd5 Nb3 22. Ra3 Nc5 23. Qe2 Qb8 24. Ne3 Rb7 25. Rd2 Nb3 26. Rd1 Nc5 27. Rd2 Rd8 28. Nf5 g6 29. Ne3 Rb3 30. Rxb3 Nxb3 31. Rd1 Nc5 32. Rd2 Qb3 33. h4 h5 34. Nd5 Qb7 35. Kh2 Nb3 36. Rd1 Nc5 37. Bh3 Bxd5 38. Rxd5 Kg7 39. f4 exf4 40. gxf4 Re8 0-1


[Site "https://www.chess.com"]

[Event "Titled Tuesday Blitz September 27 Early 2022"]
[White "Gabrielian, Artur"]
[Black "Caruana, Fabiano"]
[WhiteFideId "4131002"]
[BlackFideId "2020009"]
[WhiteElo "2467"]
[BlackElo "2847"]
[Result "0-1"]
[Round "06"]
[TimeControl "180+1"]
[Date "2022.09.27"]
[WhiteClock "0:00:02"]
[BlackClock "0:00:19"]

1. e4 e5 2. Nf3 Nf6 3. Nc3 Nc6 4. h3 Bb4 5. Bd3 Bxc3 6. dxc3 d6 7. Nd2 Be6 8. c4 Qd7 9. Nf1 Ne7 10. Bg5 Qc6 11. Bxf6 gxf6 12. Ne3 O-O-O 13. Qe2 h5 14. h4 Ng6 15. g3 f5 16. Nd5 f4 17. Rg1 Kb8 18. Qd2 Qd7 19. O-O-O c6 20. Nc3 Qc7 21. b3 a6 22. Kb2 Qb6 23. Be2 Qxf2 24. Rdf1 Qd4 25. Qxd4 exd4 26. Nd1 fxg3 27. Rxg3 Nxh4 28. Rh1 Ng6 29. Rxh5 Nf4 30. Rxh8 Rxh8 31. Bd3 Rh2 32. Rf3 Nxd3+ 33. Rxd3 c5 34. Kc1 Re2 35. c3 Rxe4 36. cxd4 Rxd4 37. Rxd4 cxd4 38. Kd2 Bf5 39. b4 Kc7 40. a3 Be4 41. Nf2 f5 42. Nh3 Kc6 43. Nf4 b5 44. cxb5+ axb5 45. Ke2 d3+ 46. Ke3 d5 47. Ne6 Kd6 48. Nd4 f4+ 49. Kxf4 d2 50. Nxb5+ Kc6 51. Nc3 d4 52. b5+ Kb6 53. Na4+ Kxb5 54. Nb2 Bc2 55. Ke5 Kc5 56. a4 d1=Q 57. Nxd1 Bxd1 58. a5 Bf3 59. a6 Ba8 0-1


[Site "https://www.chess.com"]

[Event "Titled Tuesday Blitz September 27 Early 2022"]
[White "Garv Gaur"]
[Black "Bryakin, Mikhail"]
[WhiteFideId "45030839"]
[BlackFideId "4165314"]
[WhiteElo "1950"]
[BlackElo "2357"]
[Result "1-0"]
[Round "06"]
[TimeControl "180+1"]
[Date "2022.09.27"]
[WhiteClock "0:01:30"]
[BlackClock "0:01:51"]

1. d4 Nf6 2. Nf3 c5 3. d5 e6 4. c4 exd5 5. cxd5 d6 6. Nc3 g6 7. g3 Bg7 8. Bg2 O-O 9. O-O Re8 10. Bf4 Ne4 11. Nxe4 Rxe4 12. Nd2 Rb4 13. Rb1 b5 14. b3 Bf5 15. e4 Bc8 16. a3 Rd4 17. Be3 Nd7 18. Bxd4 Bxd4 19. Nf3 Bg7 20. Qe2 a6 21. Rfe1 Ne5 22. Nxe5 Bxe5 23. f4 Bd4+ 24. Kh1 f6 25. Rbd1 Qb6 26. e5 fxe5 27. Rxd4 cxd4 28. fxe5 dxe5 29. Qxe5 Bb7 30. Bh3 h5 31. Be6+ Kh7 32. Rf1 1-0


[Site "https://www.chess.com"]

[Event "Titled Tuesday Blitz September 27 Early 2022"]
[White "Girel, Joseph"]
[Black "Bortnyk, Olexandr"]
[WhiteFideId "36033561"]
[BlackFideId "14120828"]
[WhiteElo "2104"]
[BlackElo "2723"]
[Result "0-1"]
[Round "06"]
[TimeControl "180+1"]
[Date "2022.09.27"]
[WhiteClock "0:00:31"]
[BlackClock "0:00:22"]

1. d4 Nf6 2. c4 d6 3. Nf3 g6 4. g3 Bg7 5. Bg2 O-O 6. O-O Bf5 7. Nc3 Ne4 8. Nd5 c6 9. Ne3 Be6 10. b3 f5 11. Bb2 Nd7 12. Qc2 d5 13. Nd1 f4 14. Nc3 Nxc3 15. Bxc3 fxg3 16. fxg3 Nf6 17. Ng5 Bf5 18. e4 dxe4 19. Nxe4 Nxe4 20. Bxe4 Bxd4+ 21. Kg2 Bxe4+ 22. Qxe4 Bxc3 23. Qe6+ Kh8 24. Rad1 Qa5 25. Qxe7 Qxa2+ 26. Kh3 Rxf1 27. Rxf1 Bg7 28. Qxb7 Rd8 29. Rf7 Qe2 30. Rf4 Qh5+ 31. Kg2 Rd2+ 32. Rf2 Rxf2+ 33. Kxf2 Qxh2+ 34. Kf3 h5 35. Qxa7 Qh1+ 36. Kf2 Qe4 37. Qb8+ Kh7 38. Qb7 Kh6 39. Qf7 Bd4+ 40. Kf1 Qf5+ 0-1


[Site "https://www.chess.com"]

[Event "Titled Tuesday Blitz September 27 Early 2022"]
[White "Goncalves, Davi Sulzbacher"]
[Black "Spalir, Monika"]
[WhiteFideId "2154510"]
[BlackFideId "14609118"]
[WhiteElo "2107"]
[BlackElo "2032"]
[Result "0-1"]
[Round "06"]
[TimeControl "180+1"]
[Date "2022.09.27"]
[WhiteClock "0:00:21"]
[BlackClock "0:00:13"]

1. e4 c6 2. Nf3 d5 3. Nc3 dxe4 4. Nxe4 Nf6 5. Nxf6+ exf6 6. b3 Bd6 7. Bb2 O-O 8. Be2 Re8 9. O-O Nd7 10. d4 Nf8 11. h3 Ng6 12. Re1 Be6 13. c4 Bc7 14. a4 Qd7 15. Bf1 Rad8 16. a5 Bb8 17. a6 b5 18. d5 cxd5 19. cxb5 Bf5 20. Rxe8+ Rxe8 21. b6 Be4 22. b7 Nf4 23. Nd4 Qd6 24. g3 Qe5 25. Qd2 Nh5 26. Nc6 Qf5 27. Nxb8 Qf3 0-1


[Site "https://www.chess.com"]

[Event "Titled Tuesday Blitz September 27 Early 2022"]
[White "Grandelius, Nils"]
[Black "Kvon, Andrey"]
[WhiteFideId "1710400"]
[BlackFideId "14201356"]
[WhiteElo "2617"]
[BlackElo "2458"]
[Result "1-0"]
[Round "06"]
[TimeControl "180+1"]
[Date "2022.09.27"]
[WhiteClock "0:02:27"]
[BlackClock "0:02:02"]

1. Nf3 f5 2. d3 Nc6 3. e4 d6 4. exf5 Bxf5 5. d4 e5 6. Bb5 e4 7. d5 a6 8. dxc6 axb5 9. Nd4 Bc8 10. Qh5+ g6 11. cxb7 1-0


[Site "https://www.chess.com"]

[Event "Titled Tuesday Blitz September 27 Early 2022"]
[White "Gulevich, Artem"]
[Black "Valle Maytin, Luis Enrique"]
[WhiteFideId "24119580"]
[BlackFideId "3503666"]
[WhiteElo "2218"]
[BlackElo "2225"]
[Result "1-0"]
[Round "06"]
[TimeControl "180+1"]
[Date "2022.09.27"]
[WhiteClock "0:00:30"]
[BlackClock "0:00:01"]

1. Nf3 Nf6 2. b3 d5 3. Bb2 c5 4. e3 Nc6 5. Be2 g6 6. O-O Bg7 7. d4 cxd4 8. Nxd4 O-O 9. Nd2 Re8 10. c4 e5 11. Nxc6 bxc6 12. cxd5 cxd5 13. b4 Bb7 14. Nb3 Rb8 15. Rc1 Qd6 16. a3 Ne4 17. Bd3 Ng5 18. Qd2 e4 19. Bb5 Red8 20. Bxg7 Kxg7 21. Rfd1 Bc8 22. Nd4 Bg4 23. Re1 Rbc8 24. Rxc8 Rxc8 25. Rc1 h5 26. Rxc8 Bxc8 27. Qc3 Qf6 28. Qxc8 Nh7 29. Qc3 Kg8 30. Ne2 Qg5 31. Nf4 Nf6 32. Bc6 Qf5 33. b5 Kh7 34. h3 g5 35. Ne2 h4 36. Nd4 Qe5 37. Ne2 Qd6 38. a4 Kg6 39. a5 Qd8 40. b6 axb6 41. a6 Qb8 42. Qa3 Qa7 43. Nd4 b5 44. Nxb5 Qb6 45. a7 Qxc6 46. a8=Q Qxb5 47. Qa1 Qb3 48. Q8a6 d4 49. exd4 Qd5 50. Qb6 1-0


[Site "https://www.chess.com"]

[Event "Titled Tuesday Blitz September 27 Early 2022"]
[White "Guz, Ari"]
[Black "Jones, Daniel"]
[WhiteFideId "2825759"]
[BlackFideId "2019655"]
[WhiteElo "1913"]
[BlackElo "2358"]
[Result "1-0"]
[Round "06"]
[TimeControl "180+1"]
[Date "2022.09.27"]
[WhiteClock "0:00:30"]
[BlackClock "0:00:02"]

1. e4 e5 2. Nf3 f5 3. exf5 e4 4. Nd4 Nf6 5. d3 c5 6. Nb3 exd3 7. Bxd3 d5 8. c4 dxc4 9. Qe2+ Be7 10. Bxc4 Bxf5 11. O-O Nc6 12. Bg5 Nd4 13. Nxd4 Qxd4 14. Nc3 Bg4 15. Bb5+ Kf8 16. Qc2 a6 17. Be2 Be6 18. Rad1 Qe5 19. Bh4 b5 20. Bg3 Qf5 21. Bd3 Qh5 22. Rfe1 Bg4 23. Be2 Bxe2 24. Nxe2 Kf7 25. Nf4 Qg4 26. h3 Qc8 27. Ne6 Re8 28. Ng5+ Kg8 29. Be5 g6 30. Qe2 Bf8 31. Qf3 Rxe5 32. Rxe5 Bg7 33. Re7 c4 34. Ne6 Bh8 35. Rdd7 Qd8 36. Rg7+ 1-0


[Site "https://www.chess.com"]

[Event "Titled Tuesday Blitz September 27 Early 2022"]
[White "Hafiz, Arif Abdul"]
[Black "Odegov, Artem"]
[WhiteFideId "7104227"]
[BlackFideId "34183644"]
[WhiteElo "2198"]
[BlackElo "2286"]
[Result "1-0"]
[Round "06"]
[TimeControl "180+1"]
[Date "2022.09.27"]
[WhiteClock "0:00:19"]
[BlackClock "0:00:02"]

1. e4 e6 2. d4 d5 3. Nc3 Bb4 4. e5 c5 5. Bd2 Ne7 6. Nb5 Bxd2+ 7. Qxd2 O-O 8. f4 Nbc6 9. dxc5 f6 10. exf6 Rxf6 11. Nf3 Ng6 12. g3 e5 13. Nxe5 Ngxe5 14. fxe5 Nxe5 15. O-O-O Bg4 16. Be2 Rf2 17. Bxg4 Rxd2 18. Be6+ Kh8 19. Rxd2 Qe7 20. Bxd5 Qxc5 21. Bxb7 Rb8 22. Rhd1 g6 23. Nd6 Qb6 24. b3 Rxb7 25. Nxb7 Qxb7 26. Rd5 Nf7 27. Rd7 Qf3 28. Re7 Qf2 29. Rdd7 Qf1+ 30. Kd2 Qf6 31. Rxf7 Qg5+ 32. Kc3 Qc5+ 33. Kd3 Qb5+ 34. c4 Qc5 35. Rd8+ 1-0


[Site "https://www.chess.com"]

[Event "Titled Tuesday Blitz September 27 Early 2022"]
[White "Haitin, Ilja"]
[Black "Fiorito, Francisco"]
[WhiteFideId "4501764"]
[BlackFideId "180165"]
[WhiteElo "2243"]
[BlackElo "1787"]
[Result "1-0"]
[Round "06"]
[TimeControl "180+1"]
[Date "2022.09.27"]
[WhiteClock "0:00:15"]
[BlackClock "0:00:08"]

1. e4 c5 2. Nf3 Nc6 3. Bb5 g6 4. O-O Bg7 5. Re1 Nf6 6. e5 Nd5 7. Nc3 Nc7 8. Bxc6 dxc6 9. h3 O-O 10. d3 h6 11. Bf4 Be6 12. Qd2 Kh7 13. Ne4 b6 14. g4 Nd5 15. Bg3 Nc7 16. Re2 c4 17. d4 Bd5 18. Qe3 Ne6 19. Nc3 b5 20. Nxd5 Qxd5 21. c3 c5 22. Rd2 Rfd8 23. Rad1 Rdc8 24. dxc5 Qxc5 25. Nd4 Nxd4 26. Rxd4 e6 27. Rd7 Qxe3 28. fxe3 Kg8 29. Rb7 a5 30. Rdd7 Rf8 31. Rxb5 a4 32. a3 Rab8 33. Rb4 Rxb4 34. axb4 Ra8 35. Rc7 a3 36. bxa3 Rxa3 37. Rxc4 Rb3 38. Kf2 Bf8 39. Kf3 Kg7 40. Bf2 Be7 41. e4 h5 42. Bd4 hxg4+ 43. hxg4 Rb1 44. Rc7 Bg5 45. Ke2 Bf4 46. Kd3 Kh6 47. Rxf7 Kg5 48. Rf6 Kxg4 49. Rxg6+ Kf3 50. Rxe6 Rd1+ 51. Kc4 Kxe4 52. b5 Rb1 53. Re8 Bc1 54. b6 Ba3 55. Rh8 1-0


[Site "https://www.chess.com"]

[Event "Titled Tuesday Blitz September 27 Early 2022"]
[White "Hambleton, Aman"]
[Black "Aakanksha Hagawane"]
[WhiteFideId "2606577"]
[BlackFideId "25014510"]
[WhiteElo "2538"]
[BlackElo "1971"]
[Result "1-0"]
[Round "06"]
[TimeControl "180+1"]
[Date "2022.09.27"]
[WhiteClock "0:00:10"]
[BlackClock "0:00:26"]

1. b3 d5 2. Bb2 c5 3. g3 Nc6 4. Bg2 e5 5. e3 Be6 6. d3 Bd6 7. Nd2 Nge7 8. h3 O-O 9. a3 f5 10. Ngf3 h6 11. c4 d4 12. e4 fxe4 13. Nxe4 Bf5 14. Nfd2 b6 15. O-O Rc8 16. Kh2 Bb8 17. Qe2 Qd7 18. Rae1 Rce8 19. Bc1 Ng6 20. Qd1 Rf7 21. Re2 Ref8 22. Rfe1 Be6 23. Qc2 Rf5 24. Kg1 R5f7 25. Kh2 Rf5 26. Qb1 Rh5 27. h4 Qd8 28. Rh1 Bg4 29. Ree1 Nxh4 30. gxh4 Rxh4+ 31. Kg1 Rxh1+ 32. Bxh1 Qh4 33. Nf1 Ne7 34. Nfg3 Nf5 35. Qc2 Qh3 36. Bg2 Qh4 37. Nxf5 Rxf5 38. Ng3 Rg5 39. Bxg5 Qxg5 40. Qc1 Qf6 41. Re4 Bf3 42. Bxf3 Qxf3 43. Qc2 Bd6 44. Qe2 Qf6 45. Qg4 a5 46. Kg2 Qf8 47. Re1 Qf6 48. Qf3 Qg6 49. Re4 Qf6 50. Qxf6 gxf6 51. Nf5 Bf8 52. Rg4+ Kf7 53. Kf3 Ke6 54. Ke4 h5 55. Rg2 Kf7 56. a4 Ke6 57. Rh2 Kf7 58. Rxh5 Kg6 59. Rh3 Kf7 60. f4 Ke6 61. fxe5 fxe5 62. Rg3 Kf6 63. Rg2 Ke6 64. Rg6+ Kf7 65. Rxb6 1-0


[Site "https://www.chess.com"]

[Event "Titled Tuesday Blitz September 27 Early 2022"]
[White "Hansen, Eric"]
[Black "Sychev, Klementy"]
[WhiteFideId "2606771"]
[BlackFideId "4114060"]
[WhiteElo "2568"]
[BlackElo "2564"]
[Result "1-0"]
[Round "06"]
[TimeControl "180+1"]
[Date "2022.09.27"]
[WhiteClock "0:00:02"]
[BlackClock "0:00:02"]

1. e4 c6 2. Nf3 d5 3. d3 dxe4 4. dxe4 Qxd1+ 5. Kxd1 Nd7 6. a4 Ngf6 7. Nfd2 h5 8. h4 Ng4 9. Ke2 f5 10. f3 Ngf6 11. Nc3 e5 12. exf5 Nc5 13. Nc4 Bxf5 14. Ne3 Bg6 15. Kf2 Ne6 16. a5 O-O-O 17. Nc4 Bc5+ 18. Kg3 Bxc2 19. a6 b5 20. Na5 Kc7 21. Nb7 b4 22. Na4 Bd4 23. Nxd8 Rxd8 24. Bc4 Nf4 25. Re1 N6d5 26. Ra2 Rd6 27. Bf1 Rg6+ 28. Kh2 Bb3 29. Ra1 Bf2 30. Rxe5 Bxh4 31. Nc5 Bg3+ 32. Kh1 Bc2 33. Ne4 h4 34. Nxg3 hxg3 35. Kg1 Rf6 36. Rg5 Kb6 37. Rxg3 g6 38. Kf2 Re6 39. Rg5 Kc5 40. Rg4 1-0


[Site "https://www.chess.com"]

[Event "Titled Tuesday Blitz September 27 Early 2022"]
[White "Hardaway, Brewington"]
[Black "Jaskolka, Tomasz"]
[WhiteFideId "30941849"]
[BlackFideId "1170791"]
[WhiteElo "1813"]
[BlackElo "2073"]
[Result "1-0"]
[Round "06"]
[TimeControl "180+1"]
[Date "2022.09.27"]
[WhiteClock "0:00:33"]
[BlackClock "0:00:23"]

1. Nf3 d5 2. c4 c6 3. e3 Nf6 4. b3 Bf5 5. Bb2 e6 6. Nc3 Bd6 7. d4 Nbd7 8. Bd3 Bg6 9. O-O Qe7 10. Qc2 O-O 11. e4 dxe4 12. Nxe4 Nxe4 13. Bxe4 Bxe4 14. Qxe4 Nf6 15. Qc2 Rfd8 16. Rfe1 Rac8 17. Rad1 Bb8 18. h3 h6 19. a3 a6 20. b4 b5 21. c5 Nd5 22. Ne5 Qh4 23. Re4 Qh5 24. Rde1 Bxe5 25. dxe5 Qf5 26. Bc1 Ra8 27. Bd2 h5 28. Qc1 Qg6 29. Bg5 Rd7 30. Bd2 Ne7 31. R4e3 Rad8 32. Rg3 Qh7 33. Bg5 Qf5 34. Kh2 Kf8 35. Bh4 Rd2 36. Rf3 Qc2 37. Qxc2 Rxc2 38. Re4 Rdd2 39. Bxe7+ Kxe7 40. Ref4 f5 41. exf6+ gxf6 42. Rxf6 Rd4 43. Rf7+ Kd8 44. Rf8+ Kc7 45. R3f7+ Rd7 46. Rxd7+ Kxd7 47. Rf7+ Ke8 48. Rc7 Rxf2 49. Rxc6 Kd7 50. Rxa6 h4 51. Ra5 e5 52. Kg1 Ra2 53. Rxb5 Rxa3 54. c6+ Kxc6 55. Rxe5 Rb3 56. Re4 Kd5 57. Rxh4 Ke5 58. Rg4 Kf5 59. Kh2 Rc3 60. Rg3 Rb3 61. Rxb3 1-0


[Site "https://www.chess.com"]

[Event "Titled Tuesday Blitz September 27 Early 2022"]
[White "Harish, Neeraj"]
[Black "Player, Edmund C"]
[WhiteFideId "30958130"]
[BlackFideId "406520"]
[WhiteElo "1574"]
[BlackElo "2092"]
[Result "0-1"]
[Round "06"]
[TimeControl "180+1"]
[Date "2022.09.27"]
[WhiteClock "0:00:39"]
[BlackClock "0:00:44"]

1. c4 c5 2. g3 Nc6 3. Bg2 g6 4. Nf3 Bg7 5. O-O e6 6. e3 Nge7 7. d4 d6 8. Nc3 O-O 9. d5 Na5 10. Nd2 Rb8 11. Qc2 a6 12. a4 Qc7 13. b3 exd5 14. cxd5 Bd7 15. Bb2 Rfc8 16. Nce4 Nxd5 17. Bxg7 Kxg7 18. Qb2+ f6 19. Ng5 Nb4 20. Nde4 Rf8 21. Rfd1 d5 22. Nc3 h6 23. Nh3 Bxh3 24. Bxh3 Qe5 25. Bg2 Rbd8 26. Qd2 Nxb3 0-1


[Site "https://www.chess.com"]

[Event "Titled Tuesday Blitz September 27 Early 2022"]
[White "Harsh Suresh"]
[Black "Martin Duque, Jesus"]
[WhiteFideId "45018464"]
[BlackFideId "2208954"]
[WhiteElo "2070"]
[BlackElo "2258"]
[Result "0-1"]
[Round "06"]
[TimeControl "180+1"]
[Date "2022.09.27"]
[WhiteClock "0:00:05"]
[BlackClock "0:00:51"]

1. Nf3 Nf6 2. g3 b6 3. b3 Bb7 4. Bg2 g6 5. Bb2 Bg7 6. O-O O-O 7. c4 e6 8. d4 Qe7 9. Nc3 d5 10. cxd5 exd5 11. e3 Rd8 12. Rc1 Na6 13. a3 c5 14. Qe2 Ne4 15. Rfd1 Rac8 16. Nb5 Bc6 17. Ne5 Be8 18. f4 f6 19. Ng4 h5 20. Nf2 f5 21. Nxe4 dxe4 22. Bf1 cxd4 23. Nxd4 Nc5 24. a4 Bf7 25. Ba3 Qb7 26. Bxc5 bxc5 27. Nb5 Bxb3 28. Rxd8+ Rxd8 29. Rxc5 a6 30. Rc7 Qb6 31. Rxg7+ Kxg7 32. Qb2+ Kh7 33. Nd4 Rxd4 34. exd4 Qb4 35. d5 Qc5+ 36. Kg2 Bxd5 37. Qf6 e3+ 38. Kh3 Bf3 39. Kh4 e2 40. Bxe2 Bxe2 41. Kg5 Bc4 42. Qxg6+ Kh8 43. Qh6+ Kg8 44. Qg6+ Kf8 45. Qf6+ Bf7 46. Qd8+ Be8 47. Qf6+ Kg8 48. Qxf5 Qxf5+ 49. Kxf5 Bxa4 50. h3 Bd7+ 51. Kg5 a5 52. g4 a4 53. gxh5 a3 54. h6 a2 55. f5 a1=Q 56. h4 Qb1 57. h7+ Kxh7 58. Kf6 Qxf5+ 59. Ke7 Qe6+ 60. Kf8 Qf6# 0-1


[Site "https://www.chess.com"]

[Event "Titled Tuesday Blitz September 27 Early 2022"]
[White "Heinemann, Josefine"]
[Black "Barria Zuniga, Daniel"]
[WhiteFideId "12900460"]
[BlackFideId "3400816"]
[WhiteElo "2300"]
[BlackElo "2414"]
[Result "0-1"]
[Round "06"]
[TimeControl "180+1"]
[Date "2022.09.27"]
[WhiteClock "0:00:57"]
[BlackClock "0:02:04"]

1. Nf3 d5 2. g3 Nf6 3. Bg2 e6 4. O-O Be7 5. d4 O-O 6. c4 dxc4 7. Qc2 a6 8. Qxc4 b5 9. Qc2 Bb7 10. Bg5 Nbd7 11. Ne5 Bxg2 12. Kxg2 Nxe5 13. dxe5 Qd5+ 14. f3 Qxe5 15. Bf4 Nd5 16. Bd2 Rfd8 17. Nc3 c5 18. e4 Nb4 19. Qc1 Nd3 20. Qc2 c4 21. Be3 Rd7 22. Rfd1 Rad8 23. a3 Bc5 24. Bxc5 Qxc5 25. Rd2 Nf4+ 0-1


[Site "https://www.chess.com"]

[Event "Titled Tuesday Blitz September 27 Early 2022"]
[White "Howell, David W L"]
[Black "Goltsev, Dmitry"]
[WhiteFideId "410608"]
[BlackFideId "24176710"]
[WhiteElo "2559"]
[BlackElo "2257"]
[Result "1/2-1/2"]
[Round "06"]
[TimeControl "180+1"]
[Date "2022.09.27"]
[WhiteClock "0:00:04"]
[BlackClock "0:00:14"]

1. Nc3 Nf6 2. d4 d5 3. Bf4 c6 4. e3 Nbd7 5. g4 h6 6. Bg2 e6 7. h4 Bb4 8. f3 Qe7 9. Bg3 e5 10. Ne2 exd4 11. exd4 Nb6 12. Qd3 Nc4 13. O-O-O Qe3+ 14. Kb1 O-O 15. b3 Qxd3 16. Rxd3 Na3+ 17. Kb2 Re8 18. Bf2 b6 19. Ng3 a5 20. Re1 Rxe1 21. Bxe1 Ba6 22. Re3 Re8 23. Bf2 Nb5 24. Nxb5 Bxb5 25. a4 Ba6 26. Nh5 Re6 27. Nxf6+ gxf6 28. h5 Bd2 29. Rxe6 fxe6 30. c3 Bd3 31. Bg3 b5 32. Bc7 b4 33. cxb4 Bxb4 34. Bb6 e5 35. Bc5 Bxc5 36. dxc5 d4 37. b4 axb4 38. Kb3 Kf7 39. Kxb4 Ke6 40. Ka5 Kd5 41. Kb6 Be2 42. a5 d3 43. f4+ e4 44. g5 d2 45. gxf6 d1=Q 46. f7 Qg1 47. Bxe4+ Kxe4 48. f8=Q Qb1+ 49. Kc7 Qb5 50. Qxh6 Qxc5 51. Qxc6+ Qxc6+ 52. Kxc6 Kxf4 53. h6 Bd3 54. a6 Kg5 55. a7 Kxh6 56. Kd5 Bf1 57. Kd4 Bg2 58. a8=Q Bxa8 1/2-1/2


[Site "https://www.chess.com"]

[Event "Titled Tuesday Blitz September 27 Early 2022"]
[White "Hristodoulou, Panagiotis"]
[Black "Gracia Alvarez, Gerardo Antonio"]
[WhiteFideId "4214340"]
[BlackFideId "5109124"]
[WhiteElo "2172"]
[BlackElo "2139"]
[Result "1/2-1/2"]
[Round "06"]
[TimeControl "180+1"]
[Date "2022.09.27"]
[WhiteClock "0:00:02"]
[BlackClock "0:00:08"]

1. e4 c5 2. Nf3 Nc6 3. d4 cxd4 4. Nxd4 Nf6 5. Nc3 e5 6. Ndb5 h6 7. Nd5 Nxd5 8. exd5 a6 9. dxc6 axb5 10. cxd7+ Bxd7 11. Be3 Bc6 12. Qxd8+ Rxd8 13. f3 f5 14. Bd3 g6 15. O-O Bg7 16. Bb6 Rd7 17. Rfe1 O-O 18. Re2 Re8 19. Rae1 Rde7 20. Bc5 Re6 21. a4 e4 22. fxe4 fxe4 23. axb5 exd3 24. Rxe6 Rxe6 25. Rxe6 dxc2 26. Re1 Bxb5 27. b3 Bc3 28. Rc1 Bd3 29. Be3 h5 30. Kf2 Bb2 31. Rg1 Kf7 32. Kf3 Ke6 33. Bc1 Bc3 34. Ke3 Bf5 35. Bd2 Bb2 36. Bc1 Bc3 37. Bd2 Bb2 38. h3 h4 39. Bc1 Bc3 40. Kf4 Kd5 41. Kg5 Kc5 42. Kxh4 Kb4 43. Kg5 Kxb3 44. Kf4 b5 45. Ke3 b4 46. g4 Be6 47. h4 Kc4 48. Ke2 b3 49. h5 gxh5 50. gxh5 b2 51. Bxb2 Bxb2 52. Kd2 Bf5 53. h6 c1=Q+ 54. Rxc1+ Bxc1+ 55. Kxc1 Kd5 56. h7 Bxh7 1/2-1/2


[Site "https://www.chess.com"]

[Event "Titled Tuesday Blitz September 27 Early 2022"]
[White "Ilkhomi, Jaloliddin"]
[Black "Ovchinnikov, Vsevolod"]
[WhiteFideId "14700948"]
[BlackFideId "24176842"]
[WhiteElo "1440"]
[BlackElo "2376"]
[Result "1-0"]
[Round "06"]
[TimeControl "180+1"]
[Date "2022.09.27"]
[WhiteClock "0:00:13"]
[BlackClock "0:00:07"]

1. d4 Nf6 2. Bf4 g6 3. Nf3 Bg7 4. e3 d6 5. Be2 Nfd7 6. O-O O-O 7. h3 e5 8. Bh2 Nc6 9. c3 h6 10. Nbd2 f5 11. Qb3+ Kh8 12. dxe5 dxe5 13. Rfd1 Qe7 14. Nc4 a6 15. a4 b6 16. Rd2 Bb7 17. Rad1 Nc5 18. Qa3 b5 19. b4 bxc4 20. bxc5 Rad8 21. Qb2 Rxd2 22. Rxd2 Bc8 23. Bxc4 Qxc5 24. Ba2 f4 25. Rd5 Qe7 26. exf4 exf4 27. Rd1 g5 28. Bb1 Qc5 29. Nd4 Nxd4 30. cxd4 Qd5 31. f3 c5 32. Qc2 Bxd4+ 33. Kh1 Bf5 34. Qc1 Bxb1 35. Qxb1 Qe6 36. Bg1 Bxg1 37. Kxg1 Re8 38. Kh2 Re7 39. Rd8+ Kg7 40. Rb8 h5 41. Rb6 Qf7 42. Qb2+ Kh7 43. Rb8 Qg7 44. Qc2+ Qg6 45. Rh8+ Kg7 46. Rg8+ Kxg8 47. Qxg6+ Rg7 48. Qe8+ Kh7 49. Qxh5+ Kg8 50. Qe8+ Kh7 51. Qe4+ Kh6 52. Qc6+ Rg6 53. Qxc5 Kh5 54. Qc8 Kh6 55. Qh8# 1-0


[Site "https://www.chess.com"]

[Event "Titled Tuesday Blitz September 27 Early 2022"]
[White "Itkis, Boris"]
[Black "Machidon, Cristi"]
[WhiteFideId "1209167"]
[BlackFideId "13904590"]
[WhiteElo "2207"]
[BlackElo "2312"]
[Result "0-1"]
[Round "06"]
[TimeControl "180+1"]
[Date "2022.09.27"]
[WhiteClock "0:00:07"]
[BlackClock "0:00:17"]

1. c4 c6 2. Nf3 d5 3. g3 Nf6 4. Bg2 g6 5. b3 Bg7 6. Bb2 O-O 7. O-O a5 8. Nc3 Ne4 9. Qc2 Nxc3 10. Bxc3 d4 11. Bb2 e5 12. d3 Na6 13. a3 Be6 14. h4 h6 15. Nd2 f5 16. Rab1 Kh7 17. Bc1 Qe7 18. Qb2 Nc5 19. Qc2 Qc7 20. Bb2 e4 21. dxe4 f4 22. b4 axb4 23. axb4 Na4 24. Ba1 fxg3 25. Qd3 Nc3 26. Rb3 gxf2+ 27. Kh1 Qf4 28. Nf3 b5 29. Nxd4 Qxh4+ 0-1


[Site "https://www.chess.com"]